TOP OF THE 1ST |
Daytona Beach Islanders batting - Pitching for West Palm Beach Expos : RHP Gabe Rubio
|
Pitching: RHP Gabe Rubio
|
|
Batting: SHB Michael Frierson
|
0-0: SINGLE (Groundball, 25, EV 65.0 MPH) (infield hit)
|
Batting: RHB Kalvin Adams
|
0-0: SINGLE (Line Drive, 56, EV 95.0 MPH) Michael Frierson to second
|
Batting: RHB Douglas Wabeke
|
0-0: Ball Michael Frierson steals 3rd base Kalvin Adams to second 1-0: Foul Ball, location: 2F 1-1: SINGLE (Groundball, 4MD, EV 108.8 MPH) Michael Frierson scores Kalvin Adams to third
|
Batting: RHB Jeff Rutledge
|
0-0: Ball 1-0: Ball 2-0: Ball 3-0: Called Strike 3-1: Base on Balls Douglas Wabeke to second
|
Batting: RHB Ronald Lindberg
|
0-0: Ball 1-0: Swinging Strike 1-1: Fly out, F8 (Line Drive, 8RM, EV 89.4 MPH) Runner from 3rd tags up, SCORES, no throw by CF
|
Batting: RHB Jeffrey Coker
|
0-0: Ball 1-0: Ball 2-0: Called Strike 2-1: Ball 3-1: Base on Balls Douglas Wabeke to third Jeff Rutledge to second
|
Batting: RHB Robert Whitfield
|
0-0: Ball 1-0: Swinging Strike 1-1: Ball 2-1: Swinging Strike 2-2: Foul Ball, location: 2F 2-2: Strikes out looking
|
Batting: RHB Dale Jones
|
0-0: Ball 1-0: Ball 2-0: Ball 3-0: Called Strike 3-1: Ground out 5-3 (Groundball, 5S, EV 66.9 MPH)
|
Top of the 1st over - 2 runs, 3 hits, 0 errors, 3 left on base; Daytona Beach 2 - West Palm Beach 0 |
BOTTOM OF THE 1ST |
West Palm Beach Expos batting - Pitching for Daytona Beach Islanders : LHP Carlton Roberts
|
Pitching: LHP Carlton Roberts
|
|
Batting: RHB Roland Oruna
|
0-0: Ball 1-0: Swinging Strike 1-1: Ball 2-1: Ball 3-1: SINGLE (Flyball, 34D, EV 94.4 MPH)
|
Batting: SHB Terry Pendleton
|
0-0: Called Strike 0-1: Ball 1-1: Fly out, F8 (Line Drive, 8RM, EV 95.6 MPH)
|
Batting: LHB Keith Hughes
|
0-0: Ball 1-0: Swinging Strike 1-1: Foul Ball, location: 2F 1-2: Ball 2-2: Ball 3-2: Strikes out swinging
|
Batting: RHB Steve Kiefer
|
0-0: Called Strike 0-1: Swinging Strike 0-2: Fly out, F8 (Flyball, 8RD, EV 91.9 MPH)
|
Bottom of the 1st over - 0 runs, 1 hit, 0 errors, 1 left on base; Daytona Beach 2 - West Palm Beach 0 |
TOP OF THE 2ND |
Daytona Beach Islanders batting - Pitching for West Palm Beach Expos : RHP Gabe Rubio
|
Batting: RHB Alvin Bush
|
0-0: Ball 1-0: Ball 2-0: Ball 3-0: Base on Balls
|
Batting: SHB Michael Frierson
|
0-0: Grounds into double play, 4-6-3 (Groundball, 4, EV 105.0 MPH)
|
Batting: RHB Kalvin Adams
|
0-0: Foul Ball, location: 2F 0-1: Ball 1-1: SINGLE (Groundball, 4MD, EV 100.6 MPH)
|
Batting: RHB Douglas Wabeke
|
0-0: Called Strike 0-1: Ball 1-1: Ball 2-1: DOUBLE (Flyball, 8RD, EV 90.6 MPH) Kalvin Adams to third Runner from 3rd tries for Home, SAFE, throw by CF to trailing runner, SAFE at third!
|
Batting: RHB Jeff Rutledge
|
0-0: DOUBLE (Line Drive, 9LS, EV 106.3 MPH) Douglas Wabeke scores
|
Batting: RHB Ronald Lindberg
|
0-0: Ball 1-0: Ball 2-0: Ball 3-0: Base on Balls
|
Batting: RHB Jeffrey Coker
|
0-0: Fielders Choice at 2nd, 6-4 (Groundball, 6, EV 81.9 MPH)
|
Top of the 2nd over - 2 runs, 3 hits, 0 errors, 2 left on base; Daytona Beach 4 - West Palm Beach 0 |
BOTTOM OF THE 2ND |
West Palm Beach Expos batting - Pitching for Daytona Beach Islanders : LHP Carlton Roberts
|
Batting: SHB Mark Pirruccello
|
0-0: Ball 1-0: Ball 2-0: Ball 3-0: Base on Balls
|
Batting: LHB Jesus Alfes
|
0-0: Ball 1-0: SINGLE (Groundball, 34D, EV 100.0 MPH) Mark Pirruccello to second Runner from 2nd tries for 3rd, SAFE, throw by RF made to third
|
Batting: RHB Don Berti
|
0-0: Called Strike 0-1: Foul Ball, location: 2F 0-2: Ball 1-2: Ball 2-2: Foul Ball, location: 2F 2-2: Ball 3-2: Foul Ball, location: 2F 3-2: Base on Balls Jesus Alfes to second
|
Batting: RHB Matthew Gundelfinger
|
0-0: Ball 1-0: Called Strike 1-1: Ball 2-1: Foul Ball, location: 2F 2-2: Ball 3-2: Foul Ball, location: 2F 3-2: Foul Ball, location: 2F 3-2: Fielders Choice at 2nd, 6-4 (Groundball, 6, EV 103.8 MPH) Mark Pirruccello scores Jesus Alfes to third
|
Batting: RHB Humberto Cardenas
|
0-0: Foul Ball, location: 2F 0-1: Called Strike 0-2: Strikes out looking
|
Batting: RHB Roland Oruna
|
0-0: Foul Ball, location: 2F 0-1: Ball 1-1: Foul Ball, location: 2F 1-2: Fly out, F8 (Flyball, 8RXD, EV 105.6 MPH)
|
Bottom of the 2nd over - 1 run, 1 hit, 0 errors, 2 left on base; Daytona Beach 4 - West Palm Beach 1 |
TOP OF THE 3RD |
Daytona Beach Islanders batting - Pitching for West Palm Beach Expos : RHP Gabe Rubio
|
Batting: RHB Robert Whitfield
|
0-0: Ball 1-0: Ball 2-0: Ground out 6-3 (Groundball, 6, EV 85.0 MPH)
|
Batting: RHB Dale Jones
|
0-0: Called Strike 0-1: Ball 1-1: Swinging Strike 1-2: Strikes out swinging
|
Batting: RHB Alvin Bush
|
0-0: Swinging Strike 0-1: Ground out 6-3 (Groundball, 6D, EV 85.6 MPH)
|
Top of the 3rd over - 0 runs, 0 hits, 0 errors, 0 left on base; Daytona Beach 4 - West Palm Beach 1 |
BOTTOM OF THE 3RD |
West Palm Beach Expos batting - Pitching for Daytona Beach Islanders : LHP Carlton Roberts
|
Batting: SHB Terry Pendleton
|
0-0: Called Strike 0-1: Ball 1-1: Called Strike 1-2: Ball 2-2: Fly out, F7 (Flyball, 7LS, EV 91.9 MPH)
|
Batting: LHB Keith Hughes
|
0-0: Ball 1-0: Ball 2-0: Called Strike 2-1: Ground out 5-3 (Groundball, 56, EV 77.5 MPH)
|
Batting: RHB Steve Kiefer
|
0-0: Called Strike 0-1: Swinging Strike 0-2: Ball 1-2: Ball 2-2: Strikes out swinging
|
Bottom of the 3rd over - 0 runs, 0 hits, 0 errors, 0 left on base; Daytona Beach 4 - West Palm Beach 1 |
TOP OF THE 4TH |
Daytona Beach Islanders batting - Pitching for West Palm Beach Expos : RHP Gabe Rubio
|
Batting: SHB Michael Frierson
|
0-0: Ground out 4-3 (Groundball, 4D, EV 98.1 MPH)
|
Batting: RHB Kalvin Adams
|
0-0: Called Strike 0-1: Called Strike 0-2: Ball 1-2: Ball 2-2: Foul Ball, location: 2F 2-2: Ball 3-2: Base on Balls
|
Batting: RHB Douglas Wabeke
|
0-0: Fly out, F4 (Popup, 4MD, EV 44.4 MPH)
|
Batting: RHB Jeff Rutledge
|
0-0: Ball 1-0: Ball 2-0: Ball 3-0: Base on Balls Kalvin Adams to second
|
Batting: RHB Ronald Lindberg
|
0-0: Ball 1-0: Ball 2-0: Ball 3-0: Called Strike 3-1: Fly out, F8 (Flyball, 78S, EV 81.3 MPH)
|
Top of the 4th over - 0 runs, 0 hits, 0 errors, 2 left on base; Daytona Beach 4 - West Palm Beach 1 |
BOTTOM OF THE 4TH |
West Palm Beach Expos batting - Pitching for Daytona Beach Islanders : LHP Carlton Roberts
|
Batting: SHB Mark Pirruccello
|
0-0: Swinging Strike 0-1: Foul Ball, location: 2F 0-2: Ball 1-2: Ball 2-2: Ball 3-2: Base on Balls
|
Batting: LHB Jesus Alfes
|
0-0: Ball 1-0: Fly out, F9 (Flyball, 89S, EV 90.6 MPH)
|
Batting: RHB Don Berti
|
0-0: Ball 1-0: Called Strike 1-1: Reached on error, E9 (Flyball, 9LD, EV 85.0 MPH) Mark Pirruccello to third
|
Batting: RHB Matthew Gundelfinger
|
0-0: Ball 1-0: Swinging Strike 1-1: Ball 2-1: Ball 3-1: Foul Ball, location: 2F 3-2: Base on Balls
|
Batting: RHB Humberto Cardenas
|
0-0: Ball 1-0: Called Strike 1-1: Fly out, F9 (Flyball, 9LM, EV 87.5 MPH) Runner from 3rd tags up, SCORES, throw by RF Don Berti to third
|
Batting: RHB Roland Oruna
|
0-0: Called Strike 0-1: Ball 1-1: Foul Ball, location: 2F 1-2: Ground out 4-3 (Groundball, 4, EV 108.8 MPH)
|
Bottom of the 4th over - 1 run, 0 hits, 1 error, 2 left on base; Daytona Beach 4 - West Palm Beach 2 |
TOP OF THE 5TH |
Daytona Beach Islanders batting - Pitching for West Palm Beach Expos : RHP Gabe Rubio
|
Batting: RHB Jeffrey Coker
|
0-0: Swinging Strike 0-1: SINGLE (Flyball, 6MD, EV 90.6 MPH)
|
Batting: RHB Robert Whitfield
|
0-0: Ball 1-0: Bunt missed! 1-1: Bunt missed! 1-2: Ball 2-2: Ball 3-2: Fly out, F8 (Flyball, 89S, EV 88.8 MPH)
|
Batting: RHB Dale Jones
|
0-0: Ball 1-0: Ball 2-0: Ball 3-0: Foul Ball, location: 2F 3-1: Base on Balls Jeffrey Coker to second
|
Batting: RHB Alvin Bush
|
0-0: Swinging Strike 0-1: Fly out, F6 (Popup, 4M, EV 71.9 MPH)
|
Batting: SHB Michael Frierson
|
0-0: Ball 1-0: Called Strike 1-1: Swinging Strike 1-2: Strikes out looking
|
Top of the 5th over - 0 runs, 1 hit, 0 errors, 2 left on base; Daytona Beach 4 - West Palm Beach 2 |
BOTTOM OF THE 5TH |
West Palm Beach Expos batting - Pitching for Daytona Beach Islanders : LHP Carlton Roberts
|
Batting: SHB Terry Pendleton
|
0-0: Ball 1-0: Ball 2-0: Fly out, F9 (Flyball, 9, EV 88.8 MPH)
|
Batting: LHB Keith Hughes
|
0-0: Ball 1-0: Foul Ball, location: 2F 1-1: Ball 2-1: Foul Ball, location: 2F 2-2: Foul Ball, location: 2F 2-2: Ball 3-2: Strikes out swinging
|
Batting: RHB Steve Kiefer
|
0-0: Foul Ball, location: 2F 0-1: Ball 1-1: Ground out 6-3 (Groundball, 56, EV 105.6 MPH)
|
Bottom of the 5th over - 0 runs, 0 hits, 0 errors, 0 left on base; Daytona Beach 4 - West Palm Beach 2 |
TOP OF THE 6TH |
Daytona Beach Islanders batting - Pitching for West Palm Beach Expos : RHP Gabe Rubio
|
Batting: RHB Kalvin Adams
|
0-0: Called Strike 0-1: Foul Ball, location: 2F 0-2: SINGLE (Line Drive, 9LS, EV 100.0 MPH)
|
Batting: RHB Douglas Wabeke
|
0-0: Fielders Choice at 2nd, 4-6 (Groundball, 4MS, EV 86.3 MPH)
|
Batting: RHB Jeff Rutledge
|
0-0: Called Strike 0-1: Foul Ball, location: 2F 0-2: Strikes out swinging
|
Batting: RHB Ronald Lindberg
|
0-0: Swinging Strike 0-1: Swinging Strike 0-2: Ball 1-2: Foul Ball, location: 2F 1-2: Hit by Pitch Douglas Wabeke to second
|
Batting: RHB Jeffrey Coker
|
0-0: Ball 1-0: Swinging Strike 1-1: Called Strike 1-2: Ball 2-2: Foul Ball, location: 2F 2-2: Fly out, F8 (Line Drive, 8RM, EV 91.3 MPH)
|
Top of the 6th over - 0 runs, 1 hit, 0 errors, 2 left on base; Daytona Beach 4 - West Palm Beach 2 |
BOTTOM OF THE 6TH |
West Palm Beach Expos batting - Pitching for Daytona Beach Islanders : LHP Carlton Roberts
|
Batting: SHB Mark Pirruccello
|
0-0: Swinging Strike 0-1: Ball 1-1: Ball 2-1: Fly out, F9 (Flyball, 9D, EV 108.1 MPH)
|
Batting: LHB Jesus Alfes
|
0-0: Ball 1-0: Ball 2-0: Ball 3-0: Called Strike 3-1: Called Strike 3-2: Foul Ball, location: 2F 3-2: Foul Ball, location: 2F 3-2: Foul Ball, location: 2F 3-2: Foul Ball, location: 2F 3-2: Ground out 4-3 (Groundball, 4S, EV 68.8 MPH)
|
Batting: RHB Don Berti
|
0-0: Foul Ball, location: 2F 0-1: Swinging Strike 0-2: Strikes out looking
|
Bottom of the 6th over - 0 runs, 0 hits, 0 errors, 0 left on base; Daytona Beach 4 - West Palm Beach 2 |
TOP OF THE 7TH |
Daytona Beach Islanders batting - Pitching for West Palm Beach Expos : RHP Gabe Rubio
|
Batting: RHB Robert Whitfield
|
0-0: SINGLE (Groundball, 4D, EV 97.5 MPH)
|
Batting: RHB Dale Jones
|
0-0: Ball 1-0: Ball 2-0: Called Strike 2-1: Ball 3-1: Fly out, F4 (Line Drive, 4, EV 65.0 MPH)
|
Batting: RHB Alvin Bush
|
0-0: Ball 1-0: Swinging Strike 1-1: Grounds into double play, 4-6-3 (Groundball, 4, EV 86.9 MPH)
|
Top of the 7th over - 0 runs, 1 hit, 0 errors, 0 left on base; Daytona Beach 4 - West Palm Beach 2 |
BOTTOM OF THE 7TH |
West Palm Beach Expos batting - Pitching for Daytona Beach Islanders : LHP Carlton Roberts
|
Pitching: RHP Michael Rostas
|
|
Batting: RHB Matthew Gundelfinger
|
0-0: Called Strike 0-1: Ball 1-1: Foul Ball, location: 2F 1-2: Foul Ball, location: 2F 1-2: Strikes out swinging
|
Batting: RHB Humberto Cardenas
|
0-0: Called Strike 0-1: Fly out, F8 (Flyball, 8LM, EV 88.1 MPH)
|
Batting: RHB Roland Oruna
|
0-0: Foul Ball, location: 2F 0-1: Ball 1-1: Fly out, F9 (Line Drive, 9, EV 90.6 MPH)
|
Bottom of the 7th over - 0 runs, 0 hits, 0 errors, 0 left on base; Daytona Beach 4 - West Palm Beach 2 |
TOP OF THE 8TH |
Daytona Beach Islanders batting - Pitching for West Palm Beach Expos : RHP Gabe Rubio
|
Batting: SHB Michael Frierson
|
0-0: Called Strike 0-1: Foul Ball, location: 2F 0-2: Strikes out swinging
|
Batting: RHB Kalvin Adams
|
0-0: Ball 1-0: Ball 2-0: Foul Ball, location: 2F 2-1: Called Strike 2-2: Ball 3-2: Ground out 5-3 (Groundball, 56S, EV 86.9 MPH)
|
Batting: RHB Douglas Wabeke
|
0-0: Ground out 4-3 (Groundball, 4, EV 85.0 MPH)
|
Top of the 8th over - 0 runs, 0 hits, 0 errors, 0 left on base; Daytona Beach 4 - West Palm Beach 2 |
BOTTOM OF THE 8TH |
West Palm Beach Expos batting - Pitching for Daytona Beach Islanders : RHP Michael Rostas
|
Batting: SHB Terry Pendleton
|
0-0: Ball 1-0: Ball 2-0: Ball 3-0: Base on Balls
|
Batting: LHB Keith Hughes
|
0-0: Ball 1-0: Ball 2-0: Foul Ball, location: 2F 2-1: Swinging Strike 2-2: SINGLE (Groundball, 56D, EV 105.0 MPH) Terry Pendleton to second
|
Batting: RHB Steve Kiefer
|
0-0: Ball 1-0: Ball 2-0: Ball 3-0: Called Strike 3-1: Called Strike 3-2: Base on Balls Terry Pendleton to third Keith Hughes to second
|
Pitching: RHP Nelson Munoz
|
|
Batting: SHB Mark Pirruccello
|
0-0: Ball 1-0: Ball 2-0: Ball 3-0: Called Strike 3-1: Base on Balls Terry Pendleton scores Keith Hughes to third Steve Kiefer to second
|
Batting: LHB Jesus Alfes
|
0-0: Ball 1-0: Ball 2-0: Ball 3-0: Called Strike 3-1: Called Strike 3-2: Grounds into fielders choice 6-2 (Groundball, 6, EV 84.4 MPH) Steve Kiefer to third Mark Pirruccello to second
|
Batting: RHB Don Berti
|
0-0: Called Strike 0-1: Ball 1-1: Swinging Strike 1-2: Strikes out swinging
|
Batting: RHB Matthew Gundelfinger
|
0-0: Ball 1-0: Ball 2-0: Ball 3-0: Base on Balls Steve Kiefer scores Mark Pirruccello to third Jesus Alfes to second
|
Batting: RHB Humberto Cardenas
|
0-0: Ball 1-0: Fly out, F4 (Popup, 34D, EV 63.1 MPH)
|
Bottom of the 8th over - 2 runs, 1 hit, 0 errors, 3 left on base; Daytona Beach 4 - West Palm Beach 4 |
TOP OF THE 9TH |
Daytona Beach Islanders batting - Pitching for West Palm Beach Expos : RHP Gabe Rubio
|
Pitching: RHP Michael Vint
|
|
Batting: RHB Jeff Rutledge
|
0-0: Called Strike 0-1: Ball 1-1: Called Strike 1-2: Foul Ball, location: 2F 1-2: Foul Ball, location: 2F 1-2: Strikes out swinging
|
Batting: RHB Ronald Lindberg
|
0-0: Called Strike 0-1: DOUBLE (Line Drive, 89D, EV 110.0 MPH)
|
Batting: RHB Jeffrey Coker
|
0-0: Ball 1-0: Ball 2-0: Ball 3-0: Foul Ball, location: 2F 3-1: Foul Ball, location: 2F 3-2: Ground out 4-3 (Groundball, 4, EV 100.6 MPH) Ronald Lindberg to third
|
Pinch Hitting: RHB Gary Kempton
|
0-0: Intentional Walk
|
Pinch Hitting: RHB Francisco Gonzalez
|
0-0: Called Strike 0-1: Foul Ball, location: 2F 0-2: Foul Ball, location: 2F 0-2: Ball 1-2: Ball 2-2: Fly out, F4 (Line Drive, 4, EV 64.4 MPH)
|
Top of the 9th over - 0 runs, 1 hit, 0 errors, 2 left on base; Daytona Beach 4 - West Palm Beach 4 |
BOTTOM OF THE 9TH |
West Palm Beach Expos batting - Pitching for Daytona Beach Islanders : RHP Nelson Munoz
|
Pitching: LHP Richard Ford
|
|
Now at C: Gary Kempton
|
|
Now at 2B: Francisco Gonzalez
|
|
Batting: RHB Roland Oruna
|
0-0: Foul Ball, location: 2F 0-1: SINGLE (Line Drive, 7S, EV 108.1 MPH)
|
Batting: SHB Terry Pendleton
|
0-0: Swinging Strike 0-1: Foul Ball, location: 2F 0-2: Ball 1-2: Foul Ball, location: 2F 1-2: Ball 2-2: Ball 3-2: Strikes out swinging
|
Batting: LHB Keith Hughes
|
0-0: Grounds into double play, 4-6-3 (Groundball, 4, EV 89.4 MPH)
|
Bottom of the 9th over - 0 runs, 1 hit, 0 errors, 0 left on base; Daytona Beach 4 - West Palm Beach 4 |
TOP OF THE 10TH |
Daytona Beach Islanders batting - Pitching for West Palm Beach Expos : RHP Michael Vint
|
Batting: RHB Alvin Bush
|
0-0: Ball 1-0: Foul Ball, location: 2F 1-1: Called Strike 1-2: Ball 2-2: Strikes out swinging
|
Batting: SHB Michael Frierson
|
0-0: Ball 1-0: Swinging Strike 1-1: Ball 2-1: Ground out 1-3 (Groundball, 13S, EV 67.5 MPH)
|
Batting: RHB Kalvin Adams
|
0-0: Fly out, F3 (Line Drive, 3, EV 74.4 MPH)
|
Top of the 10th over - 0 runs, 0 hits, 0 errors, 0 left on base; Daytona Beach 4 - West Palm Beach 4 |
BOTTOM OF THE 10TH |
West Palm Beach Expos batting - Pitching for Daytona Beach Islanders : LHP Richard Ford
|
Batting: RHB Steve Kiefer
|
0-0: Ground out 6-3 (Groundball, 6M, EV 103.1 MPH)
|
Batting: SHB Mark Pirruccello
|
0-0: Ball 1-0: Called Strike 1-1: Foul Ball, location: 2F 1-2: Strikes out swinging
|
Pinch Hitting: RHB Pat Adams
|
0-0: Fly out, F7 (Line Drive, 7, EV 93.1 MPH)
|
Bottom of the 10th over - 0 runs, 0 hits, 0 errors, 0 left on base; Daytona Beach 4 - West Palm Beach 4 |
TOP OF THE 11TH |
Daytona Beach Islanders batting - Pitching for West Palm Beach Expos : RHP Michael Vint
|
Pitching: LHP Marion Thackston
|
|
Now at 1B: Pat Adams
|
|
Batting: RHB Douglas Wabeke
|
0-0: Ball 1-0: Called Strike 1-1: Swinging Strike 1-2: Ground out 5-3 (Groundball, 56S, EV 61.3 MPH)
|
Batting: RHB Jeff Rutledge
|
0-0: Ball 1-0: Called Strike 1-1: Ball 2-1: Fly out, F9 (Line Drive, 9, EV 105.6 MPH)
|
Batting: RHB Ronald Lindberg
|
0-0: Swinging Strike 0-1: Ball 1-1: Swinging Strike 1-2: Ball 2-2: Strikes out swinging
|
Top of the 11th over - 0 runs, 0 hits, 0 errors, 0 left on base; Daytona Beach 4 - West Palm Beach 4 |
BOTTOM OF THE 11TH |
West Palm Beach Expos batting - Pitching for Daytona Beach Islanders : LHP Richard Ford
|
Batting: RHB Don Berti
|
0-0: Called Strike 0-1: Foul Ball, location: 2F 0-2: Ball 1-2: Ball 2-2: Foul Ball, location: 2F 2-2: Ball 3-2: Foul Ball, location: 2F 3-2: Fly out, F8 (Flyball, 8RD, EV 101.3 MPH)
|
Batting: RHB Matthew Gundelfinger
|
0-0: Ball 1-0: Called Strike 1-1: Ground out 4-3 (Groundball, 4, EV 101.3 MPH)
|
Batting: RHB Humberto Cardenas
|
0-0: Ground out 5-3 (Groundball, 56S, EV 79.4 MPH)
|
Bottom of the 11th over - 0 runs, 0 hits, 0 errors, 0 left on base; Daytona Beach 4 - West Palm Beach 4 |
TOP OF THE 12TH |
Daytona Beach Islanders batting - Pitching for West Palm Beach Expos : LHP Marion Thackston
|
Batting: RHB Jeffrey Coker
|
0-0: Called Strike 0-1: Ball 1-1: Called Strike 1-2: Strikes out swinging
|
Pitching: RHP Larry Freeburg
|
|
Batting: RHB Gary Kempton
|
0-0: Ball 1-0: Swinging Strike 1-1: Ball 2-1: Foul Ball, location: 2F 2-2: Ball 3-2: Strikes out swinging
|
Batting: RHB Francisco Gonzalez
|
0-0: DOUBLE (Line Drive, 9LS, EV 96.9 MPH)
|
Batting: RHB Alvin Bush
|
0-0: Swinging Strike 0-1: Ground out 5-3 (Groundball, 56, EV 86.9 MPH)
|
Top of the 12th over - 0 runs, 1 hit, 0 errors, 1 left on base; Daytona Beach 4 - West Palm Beach 4 |
BOTTOM OF THE 12TH |
West Palm Beach Expos batting - Pitching for Daytona Beach Islanders : LHP Richard Ford
|
Batting: RHB Roland Oruna
|
0-0: Called Strike 0-1: Ball 1-1: Ball 2-1: Foul Ball, location: 2F 2-2: Foul Ball, location: 2F 2-2: Fly out, F3 (Line Drive, 3, EV 57.5 MPH)
|
Batting: SHB Terry Pendleton
|
0-0: Called Strike 0-1: Called Strike 0-2: Strikes out swinging
|
Batting: LHB Keith Hughes
|
0-0: Foul Ball, location: 2F 0-1: Ball 1-1: Ball 2-1: Foul Ball, location: 2F 2-2: Foul Ball, location: 2F 2-2: Ball 3-2: DOUBLE (Flyball, 8RXD, EV 94.4 MPH)
|
Batting: RHB Steve Kiefer
|
0-0: Intentional Walk
|
Pitching: RHP Thad Troedson
|
|
Batting: SHB Mark Pirruccello
|
0-0: Ball 1-0: Fielders Choice at 2nd, 6-4 (Groundball, 56, EV 88.8 MPH)
|
Bottom of the 12th over - 0 runs, 1 hit, 0 errors, 2 left on base; Daytona Beach 4 - West Palm Beach 4 |
TOP OF THE 13TH |
Daytona Beach Islanders batting - Pitching for West Palm Beach Expos : RHP Larry Freeburg
|
Batting: SHB Michael Frierson
|
0-0: Ball 1-0: Ball 2-0: Fly out, F8 (Flyball, 8LD, EV 93.1 MPH)
|
Batting: RHB Kalvin Adams
|
0-0: Ball 1-0: Swinging Strike 1-1: Called Strike 1-2: Ball 2-2: SINGLE (Groundball, 4MD, EV 103.1 MPH)
|
Batting: RHB Douglas Wabeke
|
0-0: Called Strike 0-1: Ball 1-1: Grounds into double play, 3-6-3 (Groundball, 3, EV 109.4 MPH)
|
Top of the 13th over - 0 runs, 1 hit, 0 errors, 0 left on base; Daytona Beach 4 - West Palm Beach 4 |
BOTTOM OF THE 13TH |
West Palm Beach Expos batting - Pitching for Daytona Beach Islanders : RHP Thad Troedson
|
Batting: RHB Pat Adams
|
0-0: Ball 1-0: Foul Ball, location: 2F 1-1: SOLO HOME RUN (Flyball, 78XD, EV 95.0 MPH), Distance : 449 ft
|
Bottom of the 13th over - 1 run, 1 hit, 0 errors, 0 left on base; Daytona Beach 4 - West Palm Beach 5 |
|